 Dungeon Crawl Stone Soup version 0.22-a0-348-gd16d139 (webtiles) character file.

375 torrenera the Ogre Mage (level 6, -1/99 HPs)
             Began as an Ogre Fire Elementalist on Apr 10, 2018.
             Slain by Edmund
             ... wielding a +0 dire flail of draining
              (5 damage)
             ... on level 4 of the Dungeon.
             The game lasted 00:06:52 (3356 turns).

torrenera the Ogre Mage (Ogre Fire Elementalist)    Turns: 3356, Time: 00:06:53

Health: -1/99      AC: 23    Str: 12 (13) XL:     6   Next: 72%
Magic:  12/15      EV:  1    Int: 20 (23) God:
Gold:   256        SH:  0    Dex: 12 (14) Spells: 7/17 levels left

rFire    + . .     SeeInvis .   h - +0 whip
rCold    + . .     Gourm    .   (no shield)
rNeg     + + +     Faith    .   (armour currently unavailable)
rPois    +         Spirit   .   (helmet currently unavailable)
rElec    +         Reflect  .   (cloak currently unavailable)
rCorr    +         Harm     .   (gloves unavailable)
MR       .....     NoTele   +   (boots unavailable)
Stlth    ++........             (no amulet)
HPRegen  0.26/turn              (no ring)
MPRegen  0.14/turn              (no ring)

@: brilliant, agile, tree-form, resistant, berserk cooldown, very slightly
contaminated, slowed, heavily drained, very slow
A: large, unfitting armour
a: no special abilities


You were on level 4 of the Dungeon.
You were hungry.
You were a tree.
You visited 1 branch of the dungeon, and saw 4 of its levels.

You collected 256 gold pieces.

Inventory:

Hand Weapons
 h - a +0 whip (weapon)
Missiles
 g - 115 stones (quivered)
 i - 6 tomahawks
Armour
 b - a +2 robe of magic resistance (melded)
Jewellery
 f - an uncursed ring of positive energy {unknown}
 v - an uncursed ring of flight {unknown}
Wands
 r - a wand of polymorph (9)
Scrolls
 a - a scroll of fear {unknown}
 d - 11 scrolls of identify {unknown}
 e - 3 scrolls of remove curse {unknown}
 m - 3 scrolls of teleportation
 n - a scroll of enchant armour {unknown}
 s - a scroll of noise {unknown}
Potions
 k - 2 potions of lignification
 l - a potion of agility
Comestibles
 c - 11 rations


   Skills:
 * Level 5.2(3.6) Fighting
 - Level 1.7(0.3) Dodging
 - Level 1.4(0.0) Stealth
 + Level 6.1(4.5) Spellcasting
 - Level 0.8(0.0) Conjurations
 - Level 2.6(1.1) Fire Magic


You had 7 spell levels left.
You knew the following spells:

 Your Spells              Type           Power        Failure   Level  Hunger
a - Flame Tongue          Conj/Fire      ###..        1%          1    None
b - Throw Flame           Conj/Fire      ###...       1%          2    #......
c - Conjure Flame         Conj/Fire      ###.....     3%          3    ##.....
d - Sticky Flame          Conj/Fire      ###.....     11%         4    ####...


Dungeon Overview and Level Annotations

Branches:
Dungeon (4/15)
 Temple: D:4-7

Altars:
Elyvilon
Fedhas
Hepliaklqana
Qazlal
Uskayaw
Wu Jian

Annotations:
D:4 Edmund


Innate Abilities, Weirdness & Mutations

You are too large for most types of armour.
((You have tough skin. (AC +1)))


Message History

You feel yourself slow down. Edmund hits you but does no damage.
You closely miss Edmund.
Edmund is almost dead.
Edmund hits you but does no damage.
You hit Edmund but do no damage.
Edmund is almost dead.
Edmund hits you but does no damage.
You are feeling hungry.
You barely miss Edmund.
Edmund is almost dead.
Edmund looks more energetic.
Edmund hits you with a dire flail of draining.
* * * LOW HITPOINT WARNING * * *
You barely miss Edmund.
Edmund is almost dead.
Edmund hits you but does no damage. x2
You hit Edmund but do no damage.
Edmund is almost dead.
Edmund hits you with a dire flail of draining.
You die...

##.##..........
#...#......####
#.P.######.## # #...#
#..# # ##.## ##.# #.#
#.## #### ##.##
#####..#
#.#...###...###...##.#
#...P.♣@.(_.....P..).##
###...###...###...#..##
#### ##.## ######.##
#.# #..# #.# ##.# ...
#.. .P. ##. @.# #. ####


You could see Edmund.

Vanquished Creatures
  A bullfrog (D:2)
  A howler monkey (D:4)
  A hound (D:4)
  A bullfrog skeleton (D:4)
  Jessica (D:2)
  2 worker ants (D:4)
  A hound skeleton (D:4)
  4 adders
  3 gnolls (D:2)
  An ooze (D:2)
  An adder skeleton (D:3)
  A worm (D:2)
  2 leopard geckos
  3 orcs
  2 giant cockroaches (D:2)
  8 goblins
  8 hobgoblins
  2 quokkas
  5 bats
  4 frilled lizards
  5 kobolds
  5 rats
62 creatures vanquished.

Notes
Turn   | Place    | Note
-------+----------+-------------------------------------------
     0 | D:1      | torrenera the Ogre Fire Elementalist began the quest for the Orb.
     0 | D:1      | Reached XP level 1. HP: 16/16 MP: 3/3
    46 | D:1      | Reached skill level 1 in Fighting
   236 | D:1      | Reached XP level 2. HP: 22/27 MP: 1/5
   489 | D:1      | Reached skill level 3 in Spellcasting
  1032 | D:2      | Reached XP level 3. HP: 35/36 MP: 4/7
  1288 | D:2      | Reached XP level 4. HP: 45/45 MP: 2/9
  1441 | D:2      | Noticed a bullfrog
  1449 | D:2      | Killed a bullfrog
  1449 | D:2      | Reached skill level 4 in Spellcasting
  1449 | D:2      | Reached XP level 5. HP: 20/54 MP: 2/11
  1638 | D:2      | Learned a level 2 spell: Throw Flame
  1642 | D:2      | Learned a level 3 spell: Conjure Flame
  1647 | D:2      | Learned a level 4 spell: Sticky Flame
  1792 | D:2      | Noticed Jessica
  1796 | D:2      | Killed Jessica
  1888 | D:2      | Found a hide-covered altar of Uskayaw.
  2272 | D:3      | Reached skill level 5 in Spellcasting
  2334 | D:3      | Found a hazy altar of Hepliaklqana.
  2363 | D:3      | Found an ornate altar of the Wu Jian Council.
  2696 | D:3      | Found a stormy altar of Qazlal.
  2728 | D:3      | Found a blossoming altar of Fedhas.
  2931 | D:4      | Reached XP level 6. HP: 48/63 MP: 7/14
  3019 | D:4      | Reached skill level 5 in Fighting
  3099 | D:4      | Reached skill level 6 in Spellcasting
  3304 | D:4      | Found a white marble altar of Elyvilon.
  3310 | D:4      | Noticed Edmund
  3326 | D:4      | HP: 3/66 [Edmund/dire flail of draining (1)]
  3327 | D:4      | HP: 1/99 [Edmund/dire flail of draining (3)]
  3347 | D:4      | HP: 5/148 [Edmund/dire flail of draining (6)]
  3354 | D:4      | HP: 3/99 [Edmund/dire flail of draining (3)]
  3356 | D:4      | Slain by Edmund

Vault maps used:
D:1:      scummos_arrival_gate
D:2:      old_standard_altar, uniq_jessica
D:3:      grunt_temple_overflow_forces_of_nature,
          nicolae_overflow_hidden_temple, overflow_temple_1_default, st_stairs_1
D:4:      makhleb_heckhound_becter, elyvilon_altar_1, uniq_edmund

Skill      XL: |  1  2  3  4  5  6 |
---------------+-------------------+-----
Fighting       | 1 2 3 4 5 |  5.2
Spellcasting   | 3 4 5 6 |  6.1
Dodging        | |  1.7
Stealth        | |  1.4
Conjurations   | |  0.8
Fire Magic     | |  2.6

Action                   |  1- 3 |  4- 6 || total
-------------------------+-------+-------++-------
Melee: Mace              |    22 |       ||    22
       Whip              |    13 |    49 ||    62
Throw: Stone             |       |     5 ||     5
 Cast: Flame Tongue      |    38 |    83 ||   121
  Use: Potion            |       |     7 ||     7
       Scroll            |       |     1 ||     1
 Stab: Sleeping          |     1 |     2 ||     3
  Eat: Chunk             |     1 |     6 ||     7
Armor: Robe              |    19 |    19 ||    38
       Skin              |       |    22 ||    22
Dodge: Dodged            |    27 |    56 ||    83

Table legend:
 A = Spawn XP
 B = Non-spawn XP
 C = Spawn XP percentage of total XP
 D = Spawn monster count
 E = Non-spawn monster count
 F = Spawn count percentage of total count
 G = Total turns spent on level
                    A         B        C        D         E        F      G
               +---------+---------+-------+---------+---------+-------+---------
         Total |       0 |     536 |   0.0 |       0 |      62 |   0.0 |  3356
               +---------+---------+-------+---------+---------+-------+---------
           D:1 |       0 |      30 |   0.0 |       0 |      19 |   0.0 |   964
           D:2 |       0 |     199 |   0.0 |       0 |      16 |   0.0 |  1251
           D:3 |       0 |      70 |   0.0 |       0 |      17 |   0.0 |   663
           D:4 |       0 |     237 |   0.0 |       0 |      10 |   0.0 |   478
               +---------+---------+-------+---------+---------+-------+---------
